 Dungeon Crawl Stone Soup version 0.19-a0 (webtiles) character file.

4561 SkaryMonk the Geomancer (level 10, -1/56 HPs)
             Began as an Octopode Earth Elementalist on Apr 26, 2016.
             Was a Priest of Qazlal.
             Shot with an arrow by a centaur (16 damage)
             ... on level 9 of the Dungeon on Apr 27, 2016.
             The game lasted 03:07:15 (8606 turns).

SkaryMonk the Geomancer (OpEE)                      Turns: 8606, Time: 03:07:16

Health: -1/56      AC:  1    Str:  8    XL:     10   Next: 40%
Magic:  13/13      EV: 12    Int: 21    God:    Qazlal [***...]
Gold:   378        SH:  4    Dex: 12    Spells: 3 memorised, 4 levels left

rFire  . . .     SeeInvis .     a - 23 stones
rCold  . . .     Gourm    .     (no shield)
rNeg   . . .     Faith    .     (helmet restricted)
rPois  .         Spirit   .     (no amulet)
rElec  .         Dismiss  .     y - ring of flight
rCorr  .         Reflect  .     (no ring)
SustAt .         Harm     .     (no ring)
MR     .....                    (no ring)
Stlth  ++........               (no ring)
                                (no ring)
                                (no ring)
                                (no ring)

@: not resistant to hostile enchantments, unstealthy
A: almost no armour, amphibious, 8 rings, constrict 8, camouflage 1, gelatinous
body 1
a: Upheaval, Elemental Force, Renounce Religion, Evoke Flight


You were on level 9 of the Dungeon.
You worshipped Qazlal.
Qazlal was most pleased with you.
You were hungry.

You visited 1 branch of the dungeon, and saw 10 of its levels.

You collected 378 gold pieces.

Notes
Turn   | Place    | Note
--------------------------------------------------------------
     0 | D:1      | SkaryMonk the Octopode Earth Elementalist began the quest for the Orb.
     0 | D:1      | Reached XP level 1. HP: 11/11 MP: 3/3
   198 | D:1      | Reached XP level 2. HP: 17/17 MP: 1/5
   590 | D:2      | Reached XP level 3. HP: 21/21 MP: 6/6
   603 | D:2      | Reached skill level 4 in Earth Magic
   771 | D:2      | Found an oddly glowing altar of Pakellas.
  1041 | D:2      | Noticed a water elemental
  1043 | D:2      | Found a stormy altar of Qazlal.
  1046 | D:2      | Noticed an earth elemental
  1049 | D:2      | Noticed a fire elemental
  1049 | D:2      | Noticed an air elemental
  1054 | D:2      | Became a worshipper of Qazlal Stormbringer
  1081 | D:2      | Reached XP level 4. HP: 26/27 MP: 7/7
  1089 | D:2      | Learned a level 3 spell: Stone Arrow
  1213 | D:3      | Found a snail-covered altar of Cheibriados.
  1327 | D:3      | Found an oddly glowing altar of Pakellas.
  1356 | D:3      | Upgraded the game from 0.18-a0-1805-g8ab820f to 0.19-a0
  1690 | D:4      | Reached skill level 1 in Conjurations
  1690 | D:4      | Reached XP level 5. HP: 29/31 MP: 6/8
  1732 | D:4      | Reached * piety under Qazlal
  1766 | D:4      | Reached skill level 5 in Earth Magic
  1790 | D:4      | Noticed an ogre
  1864 | D:4      | Noticed a phantom
  2023 | D:4      | Found a white marble altar of Elyvilon.
  2100 | D:4      | Killed a phantom
  2100 | D:4      | Reached skill level 6 in Earth Magic
  2100 | D:4      | Reached XP level 6. HP: 34/36 MP: 2/9
  2358 | D:5      | Entered Level 5 of the Dungeon
  2376 | D:5      | Reached skill level 7 in Earth Magic
  2637 | D:5      | Reached XP level 7. HP: 41/41 MP: 4/10
  2641 | D:5      | Found an opulent altar of Gozag.
  2680 | D:5      | Found a sacrificial altar of Ru.
  3124 | D:5      | Found a radiant altar of Vehumet.
  3328 | D:5      | Learned a level 5 spell: Lee's Rapid Deconstruction
  3402 | D:5      | Reached skill level 8 in Earth Magic
  3605 | D:6      | Reached ** piety under Qazlal
  3605 | D:6      | Reached XP level 8. HP: 44/46 MP: 4/11
  3633 | D:6      | Found a shadowy altar of Dithmenos.
  3950 | D:5      | Reached skill level 9 in Earth Magic
  4269 | D:6      | Found a burning altar of Makhleb.
  4269 | D:6      | Noticed a balrug
  4350 | D:6      | Found a shimmering altar of Xom.
  4486 | D:7      | Reached skill level 10 in Earth Magic
  5048 | D:7      | Reached skill level 11 in Earth Magic
  5118 | D:7      | Reached XP level 9. HP: 51/51 MP: 7/12
  5247 | D:7      | Found a staircase to the Ecumenical Temple.
  5964 | D:8      | Found a blossoming altar of Fedhas.
  5965 | D:8      | Found an ancient bone altar of Kikubaaqudgha.
  5979 | D:8      | Reached skill level 12 in Earth Magic
  6509 | D:8      | Noticed George's ghost (novice GrFi)
  6687 | D:8      | Found an iron altar of Okawaru.
  6694 | D:8      | Found a glowing silver altar of Zin.
  6696 | D:8      | Found a sacrificial altar of Ru.
  7102 | D:9      | Reached *** piety under Qazlal
  7600 | D:9      | Reached skill level 13 in Earth Magic
  7608 | D:9      | Reached skill level 1 in Invocations
  7616 | D:9      | Reached skill level 1 in Evocations
  7616 | D:9      | Reached XP level 10. HP: 5/56 MP: 6/13
  7672 | D:9      | Noticed warlockg3's ghost (novice DrTm)
  8178 | D:10     | Entered Level 10 of the Dungeon
  8200 | D:10     | Noticed a hill giant
  8205 | D:10     | Killed a hill giant
  8606 | D:9      | Shot with an arrow by a centaur

Inventory:

Hand Weapons
 b - a +2 dagger of venom
 D - a +0 short sword of venom
Missiles
 a - 23 stones (in tentacle)
Magical Staves
 A - an uncursed staff of cold
Jewellery
 y - a ring of flight (left tentacle)
Wands
 p - a wand of digging (1/24)
 r - a wand of lightning (0/15)
 G - a wand of acid (3/15)
Scrolls
 d - a scroll of blinking {unknown}
 f - a scroll of magic mapping
 g - 4 scrolls of remove curse
 i - 2 scrolls of fear
 q - a scroll of enchant armour
 u - a scroll of random uselessness {unknown}
 z - a scroll of enchant weapon {unknown}
 F - a scroll of acquirement {unknown}
 H - a scroll of recharging {unknown}
Potions
 h - 2 potions of brilliance
 j - 8 potions of curing
 k - a potion of cure mutation
 l - a potion of agility
 s - 2 potions of invisibility
 v - a potion of haste
 x - a potion of heal wounds
 B - a potion of flight {unknown}
 C - a potion of might {unknown}
 E - 2 potions of magic {unknown}
Books
 n - a book of Geomancy

   Spells                             Type                      Level
   a - Sandblast                      Earth                        1
   b - Passwall                       Transmutation/Earth          2
   c - Stone Arrow                    Conjuration/Earth            3
   d - Petrify                        Transmutation/Earth          4
   e - Lee's Rapid Deconstruction     Earth                        5
 I - a book of Conjurations

   Spells                             Type                      Level
   a - Magic Dart                     Conjuration                  1
   b - Searing Ray                    Conjuration                  2
   c - Dazzling Spray                 Conjuration/Hexes            3
   d - Fulminant Prism                Conjuration/Hexes            4
   e - Iskenderun's Mystic Blast      Conjuration                  4
   f - Iskenderun's Battlesphere      Conjuration/Charms           5
Comestibles
 c - 5 bread rations
 o - a fruit
 t - 2 meat rations
 w - a slice of pizza

Table legend:
 A = Turns spent in this place as a percentage of turns spent in the entire game.
 B = Non-inter-level travel turns spent in this place as a percentage of non-inter-level travel turns spent in the entire game.
 C = Inter-level travel turns spent in this place as a percentage of turns spent in this place.
 D = Turns resting spent in this place as a percentage of non-inter-level travel turns spent in this place.
 E = Turns spent auto-exploring this place as a percentage of non-inter-level travel turns spent in this place.
 F = Non-inter-level travel turns spent in this place divided by the number of levels of this place that you've seen.
                   A       B       C       D       E      F
               +-------+-------+-------+-------+-------+----------------------
         Total | 100.0 | 100.0 |   1.2 |   6.7 |  10.2 | 202.2
       Dungeon | 100.0 | 100.0 |   1.2 |   6.7 |  10.2 | 202.2
               +-------+-------+-------+-------+-------+----------------------


   Skills:
 - Level 2.1 Dodging
 - Level 3.0 Stealth
 - Level 2.0 Spellcasting
 - Level 2.0 Conjurations
   Level 1.0 Transmutations
 - Level 13.1 Earth Magic
 + Level 4.7 Invocations
 + Level 4.5 Evocations


You had 4 spell levels left.
You knew the following spells:

 Your Spells              Type           Power        Failure   Level  Hunger
a - Sandblast             Erth           ######       1%          1    #......
b - Stone Arrow           Conj/Erth      ####..       1%          3    ###....
c - Lee's Rapid Deconstr  Erth           ######....   1%          5    ######.


Dungeon Overview and Level Annotations

Branches:
Dungeon (10/15)            Temple (0/1) D:7
   Lair: D:8-11         Orc: D:9-12

Altars:
Cheibriados
Dithmenos
Elyvilon
Fedhas
Gozag
Kikubaaqudgha
Makhleb
Okawaru
Pakellas
Qazlal
Ru
Vehumet
Xom
Zin

Annotations:
D:5 exclusion: statue
D:8 George's ghost, novice GrFi
D:9 warlockg3's ghost, novice DrTm


Innate Abilities, Weirdness & Mutations

You cannot wear most types of armour.
You are amphibious.
You can wear up to eight rings at the same time.
You can use your tentacles to constrict eight enemies at once.
Your skin changes colour to match your surroundings (Stealth).
Your rubbery body absorbs attacks (AC +1).


Message History

George's ghost closely misses you.
There is a stone staircase leading up here.
You block George's ghost's attack.
There is a stone staircase leading down here.
George's ghost hits you!!
You climb downwards.
Level annotation: warlockg3's ghost, novice DrTm The centaur shouts!
The black bear growls angrily.
You hear a shout! x2
The centaur shoots an arrow.
The arrow hits you!
The centaur shoots an arrow.
The arrow hits you!
There is a stone staircase leading up here.
Things that are here:
17 arrows; a shortbow Read which item? (? for menu, Esc to quit)
As you read the scroll of fog, it crumbles to dust.
The scroll dissolves into smoke.
The centaur shoots an arrow.
The arrow hits you.
* * * LOW HITPOINT WARNING * * *
The centaur shoots an arrow.
The arrow hits you!
You die...

#..... .#..
#..... .....
###..... .....
......##...O.
#....≈≈≈≈≈≈≈
#...§≈≈≈≈≈≈≈
###..§§§§≈≈≈≈≈
#..(§§§§≈≈≈≈≈≈
#.#..§@§§≈≈≈≈≈
#..c§#§§≈≈≈≈..
#.[.(#.≈≈≈≈≈..
#c.(†#.≈≈≈≈≈..
#......≈≈≈≈≈≈≈
#....(.≈≈≈≈≈≈≈
#(.....≈≈≈≈≈≈≈
#(.....≈≈≈≈≈c≈
##.....≈≈≈≈≈≈


You could see an ogre and 2 centaurs.

Table legend:
 A = Kills in this place as a percentage of kills in entire the game.
 B = Kills by you in this place as a percentage of kills by you in the entire game.
 C = Kills by friends in this place as a percentage of kills by friends in the entire game.
 D = Other kills in this place as a percentage of other kills in the entire game.
 E = Experience gained in this place as a percentage of experience gained in the entire game.
 F = Experience gained in this place divided by the number of levels of this place that you have seen.
                   A       B       C       D       E      F
               +-------+-------+-------+-------+-------+----------------------
         Total | 100.0 | 100.0 |  -nan |  -nan | 100.0 | 651.6
       Dungeon | 100.0 | 100.0 |  -nan |  -nan | 100.0 | 651.6
               +-------+-------+-------+-------+-------+----------------------

Vanquished Creatures
  A hill giant (D:10)
  A troll (D:10)
  A two-headed ogre (D:10)
  3 wyverns
  3 hippogriffs
  2 ice beasts
  2 phantoms
  5 ogres
  3 centaurs
  2 big kobolds
  2 giant frogs (D:6)
  3 scorpions
  A wyvern skeleton (D:8)
  7 killer bees
  A wight (D:10)
  4 crimson imps
  2 giant frog zombies (D:7)
  2 hounds
  A quasit (D:9)
  A centaur zombie (D:7)
  3 orc priests
  A giant frog skeleton (D:8)
  A jelly (D:6)
  4 iguanas
  2 worker ants
  4 orc wizards
  A hound zombie (D:9)
  A hound skeleton (D:6)
  6 adders
  3 gnolls (D:7)
  A howler monkey skeleton (D:4)
  2 shadow imps
  An ooze (D:1)
  2 adder zombies (D:5)
  An adder skeleton (D:9)
  4 worms
  3 dart slugs
  3 giant geckos
  23 orcs
  4 giant cockroaches
  7 goblins
  4 hobgoblins
  4 jackals
  A quokka (D:4)
  2 ball pythons
  9 bats
  2 giant newts (D:2)
  15 kobolds
  5 rats
166 creatures vanquished.

Action                   |  1- 3 |  4- 6 |  7- 9 | 10-12 || total
-------------------------+-------+-------+-------+-------++-------
Melee: Unarmed           |     3 |       |       |       ||     3
       Club              |    16 |       |       |       ||    16
       Constrict         |     9 |     8 |    16 |     7 ||    40
       Tentacles         |     5 |     4 |     9 |     3 ||    21
       Dagger            |    16 |    41 |    80 |    18 ||   155
 Cast: Sandblast         |    24 |    27 |   101 |    12 ||   164
       Stone Arrow       |       |    10 |    17 |     5 ||    32
       Lee's Rapid Decon |       |       |     8 |     5 ||    13
Evoke: Wand              |       |     1 |     1 |     5 ||     7
  Use: Scroll            |     5 |     5 |     8 |     3 ||    21
       Potion            |       |     1 |     3 |     1 ||     5
 Stab: Sleeping          |     7 |    13 |       |       ||    20
  Eat: Chunk             |     1 |     6 |    11 |     2 ||    20
       Beef jerky        |       |       |     1 |       ||     1
       Meat ration       |       |       |     2 |       ||     2
       Fruit             |       |       |     2 |       ||     2
Armor: Skin              |     2 |     5 |     6 |       ||    13
Dodge: Dodged            |    22 |    18 |    86 |    15 ||   141
Block: Other             |       |     1 |    15 |    10 ||    26

Vault maps used:
D:1:      dpeg_cavernosity
D:2:      nicolae_qazlal_style_of_elements, johnstein_pakellas_dig
D:3:      lemuel_doored_altar, kennysheep_slug_shrine, minmay_strange_pillars
D:4:      elyvilon_altar_5, first_bread
D:5:      grunt_gozag_breadcrumbs, vehumet_statue, lemuel_tele_altar
D:6:      old_standard_altar, kennysheep_little_box, makhleb_altar_promises_db
D:7:      minmay_temple_entry_grid
D:8:      hangedman_cross_veins, grunt_temple_overflow_growth_and_decay,
          minitemple
D:9:      nicolae_whirlpool
D:10:     lair_0_dummy, hiddenorc1_lemuel, hangedman_fish_farm
